 Dungeon Sprint DCSS version 0.17-a0-2108-g65e8068 (webtiles) character file.

5 Burgietje the Skirmisher (level 2, -8/25 HPs)
             Began as a Demonspawn Berserker on Oct 19, 2015.
             Was a Follower of Trog.
             Mangled by a wight
             ... wielding a cursed +0 scimitar
              (11 damage)
             ... in the Dungeon (Sprint VI: "Thunderdome").
             The game lasted 00:01:44 (215 turns).

Burgietje the Skirmisher (Demonspawn Berserker)      Turns: 215, Time: 00:01:44

Health: -8/25      AC:  2    Str: 17    XL:     2   Next: 10%
Magic:  2/2        EV: 12    Int:  8    God:    Trog [*.....]
Gold:   210        SH:  0    Dex: 14    Spells: 0 memorised, 1 level left

rFire  . . .     SeeInvis .     a - +0 falchion
rCold  . . .     Clarity  .     b - +0 animal skin
rNeg   . . .     SustAt   .     (no shield)
rPois  .         Gourm    .     (no helmet)
rElec  .         Spirit   .     (no cloak)
rCorr  .         Warding  .     (no gloves)
rMut   .         NoTele   +     (no boots)
MR     .....                    (no amulet)
Stlth  ++........               (no ring)
                                (no ring)

@: drained, not resistant to hostile enchantments, unstealthy
A: thin skeletal structure 1
a: Berserk, Burn Spellbooks, Renounce Religion


You were in the Dungeon.
You worshipped Trog.
Trog was aware of your devotion.
You were not hungry.

You visited 1 branch You collected 210 gold pieces.

Inventory:

Hand Weapons
 a - a +0 falchion (weapon)
Armour
 b - a +0 animal skin (worn)
Wands
 k - a wand of cold (5)
 l - a wand of fire (5)
Scrolls
 i - 4 scrolls of blinking
 m - 3 scrolls of fog
Potions
 d - a potion of curing
 e - 4 potions of heal wounds
 f - 4 potions of haste
 g - 2 potions of magic
 h - a potion of berserk rage
 j - a potion of resistance
Comestibles
 c - a bread ration


   Skills:
 + Level 4.2(3.9) Fighting
 + Level 3.8(3.5) Long Blades
 - Level 1.7(1.4) Armour
 - Level 1.7(1.4) Dodging


You had one spell level left.
You didn't know any spells.

Dungeon Overview and Level Annotations

Branches:
Dungeon (1/1)

Altars:
Cheibriados
Dithmenos
Fedhas
Gozag
Kikubaaqudgha
Makhleb
Okawaru
Qazlal
Ru
Sif Muna
Trog
Vehumet
Xom
Yredelemnul
Zin
The Shining One
Jiyva
Lugonu

Shops:
D *[%??*?*:[((!!!!


Innate Abilities, Weirdness & Mutations

You have a somewhat thin skeletal structure (Dex +2, Stealth).


Message History

The wight is moderately damaged.
The wight hits you with a scimitar!
* * * LOW HITPOINT WARNING * * *
You are too injured to fight recklessly!
You are too injured to fight recklessly!
You are too injured to fight recklessly!
You are too injured to fight recklessly!
You are too injured to fight recklessly!
You hit the wight but do no damage.
The wight is moderately damaged.
The wight misses you.
A phantom comes into view.
You barely miss the wight.
The wight is moderately damaged.
The wight hits you with a scimitar.
* * * LOW HITPOINT WARNING * * *
You barely miss the wight.
The wight is moderately damaged.
The wight hits you with a scimitar!
You die...

##∩........8.
#.8........∩###
##∩___..W...###.......__∩##
#.8.........8.######
#⌠...........⌠#
###.........### #_......._#
#_......._# #....z..._#
#∩...@...∩# ##∩.....∩##
##.....## ##⌠⌠⌠## #####


You could see a phantom (wandering) and a wight.

Vanquished Creatures
  An adder zombie (D)
  An adder skeleton (D)
  A bat skeleton (D)
  A giant cockroach zombie (D)
  A giant gecko skeleton (D)
5 creatures vanquished.

Notes
Turn   | Place    | Note
--------------------------------------------------------------
     0 | D        | Burgietje the Demonspawn Berserker began the quest for the Orb.
     0 | D        | Reached XP level 1. HP: 18/18 MP: 1/1
     3 | D        | Found a viscous altar of Jiyva.
     4 | D        | Found a stormy altar of Qazlal.
     5 | D        | Round 1.
     6 | D        | Found an ancient bone altar of Kikubaaqudgha.
     6 | D        | Found an opulent altar of Gozag.
     6 | D        | Found Topakk's Staff Store.
     6 | D        | Found Junux's Magic Scroll Shop.
     7 | D        | Found a bloodstained altar of Trog.
     7 | D        | Found Ophator's Must-Have Magic.
     7 | D        | Found Abofar's Magic Scroll Shop.
    28 | D        | Found a shimmering altar of Xom.
    32 | D        | Found a burning altar of Makhleb.
    32 | D        | Found an iron altar of Okawaru.
    32 | D        | Found Lyutt's Bee Food.
    32 | D        | Found Qigun's Jewellery.
    33 | D        | Found Nagivum's Advanced Armour.
    37 | D        | Found a blossoming altar of Fedhas.
    37 | D        | Found a snail-covered altar of Cheibriados.
    37 | D        | Found a corrupted altar of Lugonu.
    37 | D        | Found Kalyegiw's Identification Station.
    46 | D        | Reached skill level 4 in Fighting
    46 | D        | Gained mutation: You have a somewhat thin skeletal structure (Dex +2, Stealth). [demonic ancestry]
    46 | D        | Reached XP level 2. HP: 7/25 MP: 2/2
    70 | D        | Noticed a necrophage
    86 | D        | Found a basalt altar of Yredelemnul.
   111 | D        | Found Geacloc's Distillery.
   111 | D        | Found a shadowy altar of Dithmenos.
   111 | D        | Found Laboi's Do-It-Yourself Clinic.
   112 | D        | Found Hoaxejil's Distillery.
   112 | D        | Found Utiet's Bottled Wisdom.
   115 | D        | Arena points: 5 (+5) [x1]
   117 | D        | Found a sacrificial altar of Ru.
   130 | D        | Round 2.
   182 | D        | Noticed a wight
   188 | D        | Found a radiant altar of Vehumet.
   188 | D        | Found a glowing silver altar of Zin.
   188 | D        | Found Kalaucej's Weapon Rack.
   188 | D        | Found Fyaruin's Basic Armour.
   189 | D        | Found Teump's Miscellaneous Merchandise.
   190 | D        | Found a glowing golden altar of the Shining One.
   190 | D        | Found a deep blue altar of Sif Muna.
   190 | D        | Found Tapp's Premium Goods.
   214 | D        | Noticed a phantom
   215 | D        | Mangled by a wight

Vault maps used:
D:        arena_sprint

Action                   || total
-------------------------++-------
Melee: Falchion          ||    25
